[Event "*** Titled Tuesday Blitz"]
[Site "Chess.com"]
[Date "2019.12.03"]
[Round "1"]
[White "MajorCoast"]
[Black "M1711"]
[Result "1-0"]
[WhiteElo "2131"]
[BlackElo "2535"]
[TimeControl "180+2"]
[EndTime "13:10:54 PST"]
[Termination "MajorCoast won by checkmate"]

1. d4 g6 2. Nf3 Bg7 3. e4 d6 4. Nc3 Nf6 5. h3 O-O 6. Be3 Nc6 7. Be2 e5 8. dxe5 Nxe5 9. Nxe5 dxe5 10. O-O c6 11. Bc4 Qe7 12. a4 Be6 13. Qe2 a5 14. Rfd1 Bxc4 15. Qxc4 Qb4 16. Qa2 Nxe4 17. Nxe4 Qxe4 18.
Qb3 Qb4 19. Qxb4 axb4 20. Bc5 Rfd8 21. Rxd8+ Rxd8 22. Bxb4 e4 23. c3 Rd2 24. Rb1 f5 25. Kf1 Kf7 26. Ke1 Rc2 27. Rd1 Ke6 28. Ba3 Bf6 29.
Rd2 Rxd2 30. Kxd2 Kd5 31. b3 f4 32. Bb2 Ke6 33. Ke2 h5 34. Bc1 g5 35. Bd2 Kf5 36. g3 fxg3 37. fxg3 g4 38. h4 Be5 39. Be1 Ke6 40. Ke3 Kf5 41. b4 Bb8 42. c4 Be5 43. b5 Bc7 44. c5 Be5 45. b6 Bf6 46. a5 Be7 47. Kd4 Bf6+ 48. Ke3 Be5 49. Bf2 Bc3 50. a6 bxa6 51. b7 Be5 52. Be1 Bb8 53. Kf2 Ke5 54. Bd2 Kd5 55. Bf4 Ba7 56. b8=Q Bxb8 57. Bxb8 Kxc5 58.
Ke3 Kd5 59. Bc7 c5 60. Ba5 c4 61. Bc3 Kc6 62. Kxe4 Kc5 63. Kf5 Kd5 64. Kg5 Ke4 65.
Kxh5 Kd3 66. Ba5 c3 67. Bxc3 Kxc3 68. Kxg4 a5 69. h5 a4 70. h6 a3 71. h7 a2 72.
h8=Q+ Kd3 73. Qa1 Ke2 74. Qxa2+ Kf1 75. Kf3 Kg1 76. Qg2# 1-0

[Event "*** Titled Tuesday Blitz"]
[Site "Chess.com"]
[Date "2019.12.03"]
[Round "1"]
[White "FearNoEvil12"]
[Black "Winehouse83"]
[Result "0-1"]
[WhiteElo "1976"]
[BlackElo "2533"]
[TimeControl "180+2"]
[EndTime "13:11:11 PST"]
[Termination "Winehouse83 won by checkmate"]

1. e4 e5 2. d4 exd4 3. Bc4 Nc6 4. Nf3 Bc5 5. O-O d6 6. h3 Nf6 7. c3 dxc3 8. Nxc3 Be6 9. Nd5 Nd7 10. a3 O-O 11. b4 Bb6 12. Bb2 Nde5 13. Bb3 Qd7 14. Ng5 h6 15. Nxe6 fxe6 16. Nc3 Qf7 17. Qd2 Nd4 18.
Bd1 Nc4 19. Qc1 Nxb2 20. Qxb2 Nc6 21. Bb3 Ne5 22. Nd5 Nd3 23. Qe2 Ne5 24. Nxb6 axb6 25.
f4 Nc6 26. f5 Nd4 27. Qc4 Nxb3 28. fxe6 Qe7 29. Qxb3 Rae8 30. Rxf8+ Rxf8 31. Rf1 Rxf1+ 32. Kxf1 c6 33. a4 Kf8 34. a5 Qf6+ 35. Kg1 Ke7 36.
axb6 Qd4+ 37. Kh2 Qxe4 38. Qa2 Qe5+ 39. Kh1 Qe1+ 40. Kh2 Qxe6 41. Qa7 Qd7 42. Kh1 d5 43. Qb8 d4 44. Qe5+ Kf7 45. Qf4+ Ke8 46. Qb8+ Ke7 47. Qe5+ Kf7 48. Qf4+ Kg6 49. Qc7 Qf5 50. Qd6+ Qf6 51.
Qg3+ Kh7 52. Qd3+ Kh8 53. Qg3 Qf5 54. Qb8+ Kh7 55. Qxb7 Qf1+ 56. Kh2 Qf4+ 57. Kg1 d3 58. Qd7 Qe3+ 59. Kh2 Qe5+ 60. Kg1 Qe3+ 61. Kh2 d2 62. Qd6 Qxb6 63. Qxd2 Qb5 64. Qc2+ Kg8 65. Qc5 Qxc5 66.
bxc5 Kf7 67. Kg3 Ke6 68. Kf4 Kd5 69. Kf5 Kxc5 70. Kg6 Kd4 71. Kxg7 c5 72. Kxh6 c4 73. g4 c3 74. g5 c2 75. h4 c1=Q 76. h5 Ke5 77.
Kg6 Qc6+ 78. Kg7 Kf5 79. g6 Qf6+ 80. Kh7 Kg5 81. g7 Qh6+ 82. Kg8 Kf6 83. Kf8 Qxg7+ 84. Ke8 Qe7# 0-1

[Event "*** Titled Tuesday Blitz"]
[Site "Chess.com"]
[Date "2019.12.03"]
[Round "1"]
[White "Olga_Zhuravleva"]
[Black "Kimster98"]
[Result "1/2-1/2"]
[WhiteElo "2224"]
[BlackElo "2566"]
[TimeControl "180+2"]
[EndTime "13:11:37 PST"]
[Termination "Game drawn - insufficient material"]

1. e4 d6 2. d4 Nf6 3. Bd3 e5 4. c3 d5 5. dxe5 Nxe4 6. Nf3 Nc6 7. Bf4 Be7 8. Nbd2 Nc5 9. Bc2 O-O 10. O-O f6 11. exf6 Bxf6 12. Bg3 Be6 13. Nb3 Ne4 14. Re1 Bf5 15. Nbd4 Nxd4 16. Nxd4 Bd7 17. Bxe4 dxe4 18. Rxe4 c5 19. Nb3 b6 20. Qd5+ Kh8 21. Rd1 Bb5 22. Qh5 Qc8 23. h3 Re8 24. Rde1 Rxe4 25. Rxe4 Bc6 26.
Re1 Qd7 27. Rd1 Qe8 28. Qg4 Rd8 29. Rxd8 Qxd8 30. Qe2 Qe8 31. Qxe8+ Bxe8 32. Bb8 Bd8 33. Bxa7 Bc7 34. Nd2 Bf7 35. b3 Kg8 36. a4 Kf8 37.
a5 bxa5 38. Bxc5+ Ke8 39. Kf1 Kd7 40. Ke2 Kc6 41. Bf8 g6 42. Kd3 Bf4 43. Nc4 Kb5 44. Na3+ Kc6 45. c4 Be6 46. Nb5 Bf5+ 47. Kd4 Bd2 48.
f3 Bc2 49. Na7+ Kb7 50. Bc5 Bxb3 51. Nb5 Kc6 52. Bf8 a4 53. Kd3 Ba5 54. Nd4+ Kb6 55. Nxb3 axb3 56. Bg7 Kc5 57. Bf8+ Kc6 58. g3 Be1 59. g4 Ba5 60. f4 h5 61. gxh5 gxh5 62. f5 Kd7 63. c5 Be1 64. Bg7 Bb4 65. Kc4 Ba3 66. Kc3 Bxc5 67. Kxb3 Ke8 68. Kc4 Bf2 69.
Kd5 Kf7 70. Bc3 Bh4 71. Ke4 Bg5 72. Be1 Kf6 73. h4 Bh6 74. Bg3 Kf7 75. Ke5 Bg7+ 76. Ke4 Bf6 77. Kf4 Bd8 78. Ke5 Bc7+ 79. Ke4 Bxg3 80.
Kf3 Bxh4 81. Kg2 Kf6 82. Kh2 Bg5 83. Kh1 Bf4 84. Kg2 Kxf5 85. Kh1 Kg4 86. Kg2 Be5 87. Kh1 Bd6 88. Kg1 Bc7 89. Kh1 Bb8 90. Kg1 Ba7+ 91. Kh1 Bb6 92. Kg2 Bc5 93. Kh1 Bd4 94.
Kg2 Be3 95. Kh1 Bf4 96. Kg2 Bg3 97. Kh1 Kf3 98. Kg1 h4 99. Kh1 h3 100. Kg1 h2+ 101. Kh1 Ke4 102. Kg2 h1=Q+ 103. Kxh1 1/2-1/2

[Event "*** Titled Tuesday Blitz"]
[Site "Chess.com"]
[Date "2019.12.03"]
[Round "1"]
[White "aa175"]
[Black "raviteja81293"]
[Result "1/2-1/2"]
[WhiteElo "2338"]
[BlackElo "2679"]
[TimeControl "180+2"]
[EndTime "13:11:56 PST"]
[Termination "Game drawn by repetition"]

1. d4 d5 2. Nf3 Nf6 3. Bf4 c5 4.
e3 cxd4 5. exd4 Nc6 6. c3 Bg4 7. Qb3 Qc8 8. Nbd2 e6 9. Bd3 Be7 10. h3 Bh5 11. O-O Bg6 12. Bxg6 hxg6 13. Ne5 Nxe5 14.
Bxe5 O-O 15. Nf3 a6 16. a4 Qc6 17. Bf4 Bd6 18. Be5 Ne4 19. Bxd6 Qxd6 20. a5 Qc7 21.
Ra4 Rab8 22. Rfa1 Nd6 23. Ne5 Rfc8 24. Rb4 Nb5 25. Nd3 Re8 26. Nc5 Rbd8 27. Nd3 Re7 28. Re1 Qxa5 29. Nc5 Qc7 30. Ra4 Nd6 31. Qd1 a5 32.
Qa1 b6 33. Nd3 Rc8 34. Nf4 Nc4 35. g3 Rd7 36. Qb1 Qc6 37. Ra2 Rf8 38. Kg2 Qb5 39. Nd3 Rc7 40. Rd1 Nd6 41. Ne5 Qb3 42. Ra3 Qb5 43. Qc1 Ne4 44. Qf4 Ra7 45. b4 a4 46. Nd3 Qc6 47. Ne5 Qc7 48. c4 Nd6 49. c5 bxc5 50. bxc5 Nb5 51. Rad3 a3 52. Ra1 a2 53. Rd2 Rfa8 54. Rb2 Nc3 55. Qf3 Ne4 56.
Qe2 Ra4 57. Nf3 R8a5 58. Qd3 Ra3 59. Rb3 Rxb3 60. Qxb3 Qa7 61. Ne5 Ra6 62. Qb5 Nf6 63. c6 Qxd4 64. Qxa6 Qxa1 65. Qc8+ Kh7 66. Nxf7 g5 67.
Nxg5+ Kg6 68. Nxe6 Qe1 69. Nf4+ Kf7 70. Qb7+ Qe7 71.
Qa6 Qe4+ 72. Kh2 Qb1 73. Qa7+ Ke8 74. Ne6 a1=Q 75. Nxg7+ Kd8 76. Ne6+ Ke8 77. Ng7+ Kf8 78. Ne6+ Ke8 79. Ng7+ 1/2-1/2

[Event "*** Titled Tuesday Blitz"]
[Site "Chess.com"]
[Date "2019.12.03"]
[Round "1"]
[White "RiskyDecision"]
[Black "albano87"]
[Result "1/2-1/2"]
[WhiteElo "2526"]
[BlackElo "2084"]
[TimeControl "180+2"]
[EndTime "13:12:02 PST"]
[Termination "Game drawn by repetition"]

1. d4 d5 2. c4 e6 3. Nf3 Nf6 4. g3 Be7 5. Bg2 O-O 6. O-O dxc4 7. Qa4 a6 8. Qxc4 b5 9. Qc2 Bb7 10. Bd2 Be4 11. Qc1 Qc8 12. Nc3 Bb7 13. Qc2 c5 14.
dxc5 Bxc5 15. Rac1 Nbd7 16. a3 Qd8 17. Rfd1 Qb6 18. e3 Rac8 19. Ng5 h6 20. Bxb7 Qxb7 21. Nge4 Be7 22. Be1 Ne5 23. Nxf6+ Bxf6 24. e4 Nf3+ 25. Kg2 Nxe1+ 26. Rxe1 Bxc3 27. bxc3 Rc4 28. f3 Rfc8 29. Re3 Qc6 30. Qb3 Qc5 31. Rd3 a5 32. Rb1 Rxc3 33. Rxc3 Qxc3 34. Qxc3 Rxc3 35. Rxb5 Rxa3 36. h4 g6 37. h5 g5 38. e5 a4 39. Ra5 Kg7 40.
Ra7 Ra2+ 41. Kh3 a3 42. Kg4 Ra1 43. Ra8 Re1 44. Rxa3 Rxe5 45. Ra4 Re1 46. f4 f5+ 47. Kh3 Rh1+ 48. Kg2 Rxh5 49. Ra6 Kf6 50. Rb6 gxf4 51.
gxf4 Rh4 52. Rb4 Rg4+ 53. Kf3 h5 54. Rb8 Rg1 55. Rh8 Rh1 56. Kg2 Rh4 57. Kg3 Rg4+ 58. Kf3 h4 59. Rh6+ Ke7 60. Rh8 Kd7 61. Ke3 Rg3+ 62.
Kf2 Rb3 63. Rxh4 Kd6 64. Rh8 Kd5 65. Re8 Rc3 66. Ke2 Ra3 67. Kf2 Ke4 68. Rxe6+ Kxf4 69. Re2 Rf3+ 70. Kg2 Re3 71. Rb2 Kg4 72. Kf2 Rh3 73. Kg2 Ra3 74. Rb4+ f4 75. Rb2 Rc3 76. Ra2 Rg3+ 77.
Kf2 Rh3 78. Ra8 Rh2+ 79. Kg1 Rb2 80. Ra3 Rc2 81. Rb3 Rd2 82. Ra3 f3 83. Ra8 Rc2 84.
Rg8+ Kf4 85. Rf8+ Kg4 86. Rg8+ Kf4 87. Rf8+ Kg4 88. Rg8+ 1/2-1/2

[Event "*** Titled Tuesday Blitz"]
[Site "Chess.com"]
[Date "2019.12.03"]
[Round "1"]
[White "maciek_92"]
[Black "KRASAVCHIK2002"]
[Result "0-1"]
[WhiteElo "2770"]
[BlackElo "2439"]
[TimeControl "180+2"]
[EndTime "13:12:11 PST"]
[Termination "KRASAVCHIK2002 won by resignation"]

1. c4 e5 2. Nc3 Nf6 3. g3 d5 4.
cxd5 Nxd5 5. Bg2 Nb6 6. e3 Nc6 7. Nge2 Be7 8. O-O h5 9. d4 h4 10.
d5 Nb8 11. a4 hxg3 12. hxg3 Bd6 13. a5 N6d7 14. e4 Nf6 15. Bg5 Bh3 16. Bxh3 Rxh3 17.
Kg2 Rh5 18. Qd2 Nbd7 19. Rh1 Rxh1 20. Rxh1 a6 21. Rh8+ Nf8 22. Qc2 Qe7 23. Qa4+ Qd7 24. Qc4 O-O-O 25. b4 N8h7 26. Rxd8+ Kxd8 27. Bxf6+ Nxf6 28. f3 g5 29. g4 Ng8 30. Nc1 Ne7 31. Nd3 Ng6 32. b5 axb5 33. Nxb5 Ke7 34. Nc3 f6 35.
Qb3 Qc8 36. Ne2 Nh4+ 37. Kf2 Qa8 38. Ng3 Qa7+ 39. Ke2 Qxa5 40. Nf5+ Nxf5 41. gxf5 b5 42. Qc2 b4 43. Nc1 Qb5+ 44. Qd3 Qb8 45. Nb3 Qh8 46. Qe3 Qa8 47. Qd3 Qa2+ 48. Kd1 Qg2 49. Qe2 Qg1+ 50.
Kc2 Qa7 51. Kb1 Qa4 52. Qc4 Kf7 53. Qc2 Kg7 54. Qd1 Qb5 55. Nc1 Bc5 56. f4 exf4 57.
Qh5 Bd4 58. Qg6+ Kf8 59. Qh6+ Ke7 60. Qg7+ Kd6 61. Qf7 Qd7 62. Qf8+ Ke5 63. Qxb4 Kxe4 64. Ne2 Qxf5 65. Nxd4 Qxd5 66. Nc2+ Kf5 67. Qc3 c5 68. Kc1 g4 69. Ne1 c4 70. Qc2+ Qe4 71. Qd1 f3 72. Qd7+ Qe6 73. Qh7+ Kg5 74. Qg7+ Kh4 75.
Qh6+ Kg3 76. Nc2 f2 77. Qh1 Qe2 78. Kb2 f1=Q 79. Qh6 Qff2 0-1

[Event "*** Titled Tuesday Blitz"]
[Site "Chess.com"]
[Date "2019.12.03"]
[Round "1"]
[White "becemix"]
[Black "Parhamov"]
[Result "0-1"]
[WhiteElo "2513"]
[BlackElo "3094"]
[TimeControl "180+2"]
[EndTime "13:12:17 PST"]
[Termination "Parhamov won on time"]

1. e4 c5 2. d4 cxd4 3. c3 d3 4. Bxd3 Nc6 5. Nf3 g6 6. O-O Bg7 7. Bc4 d6 8. Qb3 e6 9. Rd1 a6 10. Bf4 Na5 11. Qb4 Nxc4 12. Qxc4 d5 13. exd5 Nf6 14.
Bc7 exd5 15. Qc5 Ne4 16. Qxd5 Qxd5 17. Rxd5 Be6 18. Rd1 O-O 19. Nbd2 Nc5 20. Bd6 Rfc8 21. Bxc5 Rxc5 22. Nb3 Rb5 23. Nfd4 Bxd4 24. cxd4 Bxb3 25. axb3 Rxb3 26. Rd2 Rd8 27. Rc1 Rd5 28. Kf1 a5 29. Ke2 a4 30. Rc3 Rdb5 31. Rxb3 Rxb3 32. Kd1 Kf8 33. Kc2 Ke7 34. Re2+ Kd7 35. Re5 b5 36. h4 h5 37. Rd5+ Kc6 38. Rd8 Rb4 39. Kc3 Rc4+ 40. Kd3 Kb6 41. Rd7 f5 42. Rd6+ Rc6 43.
Rxc6+ Kxc6 44. Kc3 Kd5 45. Kb4 Kxd4 46. Kxb5 f4 47. Kxa4 f3 48. g3 Kd3 49. b4 Ke2 50. b5 Kxf2 51. b6 Kg2 52. b7 f2 53. b8=Q f1=Q 54.
Qd6 Qc4+ 55. Ka5 Qc3+ 56. Kb5 Qxg3 57. Qd8 Kh3 58. Qf6 Qd3+ 59. Kb4 Qf5 60. Qe7 Qf4+ 61. Kc5 Qxh4 62. Qe3+ Qg3 63. Qe6+ Kh4 64. Qe4+ Kg5 65.
Qe7+ Kf4 66. Qf6+ Ke3 67. Qc3+ Kf2 68. Qd2+ Kf1 69. Qd1+ Kg2 70. Qd5+ Kh2 71. Qd2+ Kh3 72. Qd7+ Qg4 73. Qd3+ Kh4 74. Qf1 Qf5+ 0-1

[Event "*** Titled Tuesday Blitz"]
[Site "Chess.com"]
[Date "2019.12.03"]
[Round "1"]
[White "Siemba"]
[Black "cool4chess"]
[Result "0-1"]
[WhiteElo "2197"]
[BlackElo "2571"]
[TimeControl "180+2"]
[EndTime "13:12:35 PST"]
[Termination "cool4chess won on time"]

1. e4 e5 2. Nf3 Nc6 3. Bc4 Nf6 4.
d3 Bc5 5. c3 d6 6. a4 a6 7. O-O O-O 8. Nbd2 d5 9. exd5 Nxd5 10.
Re1 Bg4 11. h3 Bh5 12. Ne4 Ba7 13. Ng3 Bg6 14. Nxe5 Nxe5 15. Rxe5 Bxf2+ 16. Kxf2 Qf6+ 17. Qf3 Qxe5 18. Bxd5 Rad8 19. Bc4 b5 20. d4 Rxd4 21.
cxd4 Qxd4+ 22. Be3 Qxb2+ 23. Be2 Qxa1 24. axb5 axb5 25.
Bxb5 Qb2+ 26. Be2 Re8 27. h4 Bd3 28. h5 h6 29. Qc6 Qe5 30. Qxe8+ Qxe8 31. Bxd3 Qe5 32.
Be2 c5 33. Nf1 Qf5+ 34. Kg1 Qc2 35. Nd2 Qc3 36. Kf2 Qf6+ 37. Bf3 Qf5 38. g4 Qd3 39. Be2 Qc2 40. Nc4 Kf8 41. Bxc5+ Ke8 42. Bd4 g6 43.
Be3 gxh5 44. gxh5 Qf5+ 45. Bf3 Qe6 46. Nd2 Kf8 47. Ne4 Qa2+ 48. Kg3 Qa6 49. Bf4 Kg8 50. Nd6 Qd3 51. Kg4 Qd4 52. Be4 Qg1+ 53. Kf5 Qc5+ 54. Be5 Qf2+ 55. Bf4 Qh4 56. Bf3 Qh3+ 57. Ke4 Qe6+ 58.
Kd4 Kg7 59. Bd5 Qg4 60. Ke3 Qh3+ 61. Bf3 Qe6+ 62. Kf2 Kh7 63. Kg3 Kh8 64. Ne4 Kg7 65.
Nf2 Qe1 66. Kg2 Qb4 67. Be3 Qh4 68. Bd2 Qd4 69. Ne4 Kh7 70. Bc3 Qa4 71. Nf6+ Kg7 72.
Ng4+ Kg8 73. Nxh6+ Kh7 74. Ng4 Qc2+ 75. Kg3 Qxc3 76.
Kf4 Qd4+ 77. Be4+ Kg8 78. Nh6+ Kf8 79. Nf5 Qf2+ 80. Kg5 Qd2+ 81. Kg4 Qe2+ 82. Kf4 Qxh5 83. Bf3 Qh2+ 84. Ke4 Qc2+ 85. Kf4 f6 86. Be4 Qf2+ 87.
Bf3 Kf7 88. Nd6+ Ke6 89. Ne4 Qh2+ 90. Ke3 Ke5 91. Nf2 f5 92. Ke2 Kf4 93. Bc6 Kg3 0-1

[Event "*** Titled Tuesday Blitz"]
[Site "Chess.com"]
[Date "2019.12.03"]
[Round "1"]
[White "andrzej"]
[Black "Heineccius"]
[Result "1-0"]
[WhiteElo "2372"]
[BlackElo "2652"]
[TimeControl "180+2"]
[EndTime "13:12:41 PST"]
[Termination "andrzej won by checkmate"]

1. d4 Nf6 2. c4 e6 3. Nf3 Bb4+ 4. Bd2 a5 5. g3 d6 6. Bg2 Nbd7 7. O-O e5 8. Qc2 O-O 9. Nc3 exd4 10. Nxd4 a4 11. Rad1 Nb6 12. b3 Re8 13. Rfe1 axb3 14. axb3 c6 15.
e4 Bc5 16. Nf5 Bxf5 17. exf5 Qc7 18. Ne4 Nxe4 19. Rxe4 Rxe4 20. Bxe4 Nd7 21. Bc3 Re8 22. f6 Nxf6 23. Bxf6 gxf6 24. Bxh7+ Kg7 25. Bd3 Re5 26. Rd2 Qe7 27. Re2 Bd4 28. Kg2 Qe6 29. h3 d5 30. cxd5 Qxd5+ 31. Be4 Qd6 32. Bf3 Rg5 33. h4 Bxf2 34. Kxf2 Qxg3+ 35. Ke3 Re5+ 36. Kd2 Qf4+ 37. Ke1 Qxf3 38. Rxe5 fxe5 39. Qh2 f6 40. h5 Qe4+ 41. Kd1 Qg4+ 42. Kc2 Kh6 43. Qd2+ Kxh5 44. Qd8 Qf5+ 45. Kb2 Qf2+ 46. Kb1 Qg1+ 47. Kc2 Qg6+ 48. Kb2 e4 49. Qh8+ Kg5 50. Qh3 f5 51. Qg3+ Kh6 52. Qh4+ Kg7 53. Qe7+ Qf7 54. Qg5+ Kh7 55. Qh4+ Kg6 56.
Qg3+ Kf6 57. Qd6+ Qe6 58. Qf8+ Ke5 59. Qh8+ Qf6 60. Qh2+ Kd5+ 61. Kb1 f4 62. Qd2+ Ke6 63. Qc2 e3 64. Qe4+ Qe5 65. Qc4+ Kf6 66. Qg8 Qf5+ 67. Kb2 Qe6 68. Qh8+ Ke7 69. Qg7+ Qf7 70. Qe5+ Kd7 71. Qd4+ Kc8 72. Qh8+ Kc7 73. Qe5+ Kd7 74. Qd4+ Qd5 75. Qg7+ Kd6 76. Qf8+ Ke5 77. Qe7+ Kf5 78. Qh7+ Kg4 79. Qg6+ Kf3 80. Qg1 e2 81. Qh1+ Ke3 82. Qg1+ Ke4 83. Qg2+ f3 84. Qg4+ Ke3 85. Qg1+ f2 86. Qg3+ Ke4 87.
Qg2+ Ke3 88. Qg3+ Kd2 89. Qc3+ Kd1 90. Qc1# 1-0

[Event "*** Titled Tuesday Blitz"]
[Site "Chess.com"]
[Date "2019.12.03"]
[Round "1"]
[White "filali-marouan"]
[Black "Joshukid"]
[Result "0-1"]
[WhiteElo "2286"]
[BlackElo "2624"]
[TimeControl "180+2"]
[EndTime "13:12:55 PST"]
[Termination "Joshukid won on time"]

1. e4 d5 2. exd5 Qxd5 3. Nc3 Qa5 4. Nf3 Nf6 5. h3 g6 6. Bc4 Bg7 7. O-O O-O 8. a3 c6 9. b4 Qc7 10. Bb2 Ne4 11. Re1 Nxc3 12. Bxc3 Bxc3 13. dxc3 Bf5 14. Nd4 Bc8 15. Qd2 Qd6 16. Qh6 Qf6 17. Rad1 Nd7 18. Nf3 e6 19. Ng5 Qg7 20. Qxg7+ Kxg7 21. Bxe6 fxe6 22.
Nxe6+ Kf7 23. Nxf8 Kxf8 24. c4 a5 25. b5 Kf7 26.
Rd3 a4 27. g4 g5 28. Kh2 Ra5 29. Kg3 cxb5 30. Rd5 h6 31. Rf5+ Nf6 32. Rc5 Bd7 33.
Rc7 bxc4 34. Rxb7 Rb5 35. Rxb5 Bxb5 36. Re5 Bd7 37. f3 Ne8 38. h4 gxh4+ 39. Kxh4 Ng7 40. Rc5 Be6 41. Ra5 Bd7 42. Rc5 Be6 43. Ra5 Ne8 44.
Rxa4 Nf6 45. Ra6 Nd5 46. Ra7+ Kg6 47. Rb7 Ne3 48. Rb6 Kf7 49. Rb7+ Kf6 50. Rh7 Kg6 51. Re7 Kf6 52. Rh7 Nxc2 53. Rxh6+ Kf7 54. Rh7+ Kg6 55.
Rc7 Nxa3 56. f4 Bd5 57. f5+ Kf6 58. Kg3 Nb5 59. Rc5 Nc3 60. Kf4 Ke7 61. g5 Kd6 62. Ra5 Ne2+ 63. Ke3 Ng3 64. Kf4 Ne2+ 65. Ke3 Ng3 66.
Kf4 Ne4 67. g6 c3 68. g7 Nf6 69.
Kg5 c2 70. Ra1 Ng8 71. Re1 Be4 72. f6 Bd5 73. Kg6 Be4+ 74. Kf7 Nh6+ 75. Kf8 Bf3 76. f7 Bd1 77. g8=Q c1=Q 78. Qg3+ Kd7 79. Qh3+ Ng4 80. Qh5 Qa3+ 81. Kg7 Qc3+ 82. Kf8 Qxe1 83. Qf5+ Kc7 84. Kg8 Nh6+ 85. Kg7 Nxf5+ 86. Kf6 Qe7+ 0-1

[Event "*** Titled Tuesday Blitz"]
[Site "Chess.com"]
[Date "2019.12.03"]
[Round "2"]
[White "Ambitiousresolutions"]
[Black "LarissaSteenbekkers"]
[Result "1-0"]
[WhiteElo "2634"]
[BlackElo "1767"]
[TimeControl "180+2"]
[EndTime "13:15:48 PST"]
[Termination "Ambitiousresolutions won by resignation"]

1. e4 e6 2. d4 d5 3. Bd3 dxe4 4. Bxe4 Nf6 5. Bf3 c5 6. Ne2 Nc6 7. Be3 cxd4 8. Nxd4 Bd7 9. Nxc6 Bxc6 10. Qxd8+ Kxd8 11. Bxc6 bxc6 12. Nd2 Kc7 13. Nc4 Nd5 14. O-O-O Be7 15. Bd4 f6 16. b3 e5 17. Bb2 Bb4 18. g3 Rad8 19. a3 Bc3 20. Rd3 Bxb2+ 21. Kxb2 Nb6 22. Rc3 Rd2 23. Nxd2 1-0

[Event "*** Titled Tuesday Blitz"]
[Site "Chess.com"]
[Date "2019.12.03"]
[Round "2"]
[White "PlotnikovPavel"]
[Black "kinga2008"]
[Result "0-1"]
[WhiteElo "2369"]
[BlackElo "1964"]
[TimeControl "180+2"]
[EndTime "13:16:17 PST"]
[Termination "kinga2008 won by resignation"]

1. e4 c5 2. c3 d5 3. exd5 Qxd5 4. d4 cxd4 5. cxd4 Nc6 6. Nf3 Bg4 7. Be2 e6 8. O-O Nf6 9. Nc3 Qa5 10. Qb3 Rb8 11. Bf4 Bxf3 12. Bxb8 Nxd4 13. Qxb7 Bxb7 0-1

[Event "*** Titled Tuesday Blitz"]
[Site "Chess.com"]
[Date "2019.12.03"]
[Round "2"]
[White "rasmussvane"]
[Black "Kumi29"]
[Result "1-0"]
[WhiteElo "2814"]
[BlackElo "2562"]
[TimeControl "180+2"]
[EndTime "13:16:21 PST"]
[Termination "rasmussvane won by checkmate"]

1. Nf3 e6 2. g3 b6 3. Bg2 Bb7 4. O-O f5 5. d3 Nf6 6. Nbd2 Be7 7. e4 fxe4 8. dxe4 Nxe4 9. Ne5 d5 10. Nxe4 dxe4 11. Qh5+ g6 12. Nxg6 hxg6 13. Qxh8+ Kf7 14.
Qh7+ Kf6 15. Bg5+ Kxg5 16. Qh4+ Kf5 17. Qf4# 1-0

[Event "*** Titled Tuesday Blitz"]
[Site "Chess.com"]
[Date "2019.12.03"]
[Round "2"]
[White "pheonixking2000"]
[Black "PNEPaul"]
[Result "1-0"]
[WhiteElo "2632"]
[BlackElo "1708"]
[TimeControl "180+2"]
[EndTime "13:16:32 PST"]
[Termination "pheonixking2000 won by checkmate"]

1. e4 e5 2. Nf3 Nc6 3. Bb5 f5 4.
d3 Nf6 5. O-O Be7 6. Nc3 O-O 7.
exf5 d6 8. d4 e4 9. Ng5 Bxf5 10. f3 exf3 11. Nxf3 Bg4 12. Bg5 h6 13. Bh4 a6 14. Bc4+ Kh8 15. h3 Bxf3 16. Rxf3 Qd7 17. Qd2 Rae8 18. Raf1 g5 19. Bxg5 hxg5 20. Qxg5 Nh7 21.
Rxf8+ Rxf8 22. Rxf8+ Bxf8 23. Qg8# 1-0

[Event "*** Titled Tuesday Blitz"]
[Site "Chess.com"]
[Date "2019.12.03"]
[Round "2"]
[White "r31415"]
[Black "ferdipy"]
[Result "1-0"]
[WhiteElo "2448"]
[BlackElo "2208"]
[TimeControl "180+2"]
[EndTime "13:16:33 PST"]
[Termination "r31415 won by resignation"]

1. e4 e6 2. d4 d5 3. Nc3 Bb4 4. exd5 exd5 5. Bd3 Ne7 6. Qf3 Nbc6 7. Ne2 Be6 8. O-O Qd7 9. h3 O-O-O 10. a3 Ba5 11. Be3 f6 12. Na4 Bb6 13. b4 Nxd4 14.
Nxb6+ axb6 15. Nxd4 Bf7 16. a4 g5 17. a5 bxa5 18.
bxa5 Kb8 19. a6 b6 20. Qxf6 Rdf8 21. Qxe7 Qxe7 22. Nc6+ 1-0

[Event "*** Titled Tuesday Blitz"]
[Site "Chess.com"]
[Date "2019.12.03"]
[Round "2"]
[White "IMTominho"]
[Black "aa175"]
[Result "1-0"]
[WhiteElo "2714"]
[BlackElo "2336"]
[TimeControl "180+2"]
[EndTime "13:16:35 PST"]
[Termination "IMTominho won by resignation"]

1. d4 Nf6 2. c4 g6 3. Nc3 Bg7 4.
Nf3 O-O 5. Bg5 d5 6. Bxf6 Bxf6 7. cxd5 Bg7 8. e3 Nd7 9. Bc4 a6 10. a4 Nb6 11. Bb3 Bf5 12. O-O Qd6 13. h3 h5 14. a5 Nd7 15. e4 Bxe4 1-0

[Event "*** Titled Tuesday Blitz"]
[Site "Chess.com"]
[Date "2019.12.03"]
[Round "2"]
[White "GelmanAlexander"]
[Black "Jadeit90"]
[Result "1-0"]
[WhiteElo "2503"]
[BlackElo "2273"]
[TimeControl "180+2"]
[EndTime "13:16:40 PST"]
[Termination "GelmanAlexander won by resignation"]

1. e4 g6 2. Nc3 Bg7 3. f4 c5 4. Nf3 Nc6 5. g3 e6 6. Bg2 Nge7 7. d3 O-O 8. O-O d5 9. e5 Rb8 10. a4 a6 11. Ne2 b5 12. axb5 axb5 13. g4 c4 14. d4 b4 15. Ng3 Qb6 16. Be3 c3 17. b3 Ba6 18. Rf2 Bb5 19. h4 Ra8 20.
Rc1 Ra2 21. h5 Rfa8 22. hxg6 hxg6 23. Ng5 Qa6 24. f5 exf5 25. gxf5 gxf5 26. Qh5 Ng6 27.
Bxd5 Nd8 28. Nxf5 1-0

[Event "*** Titled Tuesday Blitz"]
[Site "Chess.com"]
[Date "2019.12.03"]
[Round "2"]
[White "WeAintSurePal"]
[Black "Lestofante90"]
[Result "1-0"]
[WhiteElo "2366"]
[BlackElo "2730"]
[TimeControl "180+2"]
[EndTime "13:17:00 PST"]
[Termination "WeAintSurePal won by resignation"]

1. Nf3 g6 2. e4 Bg7 3. d4 d6 4. Bc4 Nf6 5. Qe2 O-O 6. O-O c6 7. a4 d5 8. exd5 cxd5 9. Bd3 Nc6 10. c3 Bg4 11. Nbd2 Be6 12. Re1 Bf5 13. Bxf5 gxf5 14. Nf1 Ne4 15. Ng3 e6 16. Bf4 Kh8 17. Ne5 Nxe5 18. Bxe5 Bxe5 19. dxe5 Qb6 20. Nxe4 dxe4 21. Red1 Qc5 22. Qb5 Qxb5 23. axb5 Rfd8 24. Kf1 Rd3 25. Rxd3 exd3 26. Ke1 a6 27. Kd2 Rd8 28. bxa6 bxa6 29. Rxa6 Rd5 30. f4 Kg7 31. Rd6 Rb5 32. b4 1-0

[Event "*** Titled Tuesday Blitz"]
[Site "Chess.com"]
[Date "2019.12.03"]
[Round "2"]
[White "nurgyulsalimova"]
[Black "Walter_White_Poland"]
[Result "1-0"]
[WhiteElo "2534"]
[BlackElo "2304"]
[TimeControl "180+2"]
[EndTime "13:17:02 PST"]
[Termination "nurgyulsalimova won by resignation"]

1. e4 e5 2. Nf3 Nc6 3. Bc4 Nf6 4.
d3 d5 5. exd5 Nxd5 6. O-O Nb6 7.
Bb5 Bd6 8. Re1 f6 9. a4 Bd7 10. a5 Nd5 11. a6 b6 12. d4 Nde7 13. dxe5 fxe5 14. Nc3 O-O 15. Bg5 Qe8 16. Ne4 Qg6 17. Nxd6 cxd6 18. Bxe7 Rxf3 19. Qxf3 Nd4 20. Qxa8+ 1-0

[Event "*** Titled Tuesday Blitz"]
[Site "Chess.com"]
[Date "2019.12.03"]
[Round "2"]
[White "Bad4life"]
[Black "DonBroca"]
[Result "1-0"]
[WhiteElo "2409"]
[BlackElo "2107"]
[TimeControl "180+2"]
[EndTime "13:17:02 PST"]
[Termination "Bad4life won by resignation"]

1. e4 g6 2. d4 Bg7 3. Nc3 d6 4. f4 Nd7 5. Nf3 e6 6. Bd3 Ne7 7. Ne2 O-O 8. O-O c5 9. c3 a6 10.
Kh1 b5 11. a4 c4 12. Bc2 Bb7 13. Qe1 d5 14. e5 Nf5 15. g4 Ne7 16. Be3 h6 17. Qh4 Nc6 18. Qh3 Nb6 19. a5 Nd7 20. Rf2 Kh7 21. Rg1 Ne7 22. f5 exf5 23. gxf5 Ng8 24.
fxg6+ fxg6 25. Rxg6 Kh8 26. Bxh6 1-0

[Event "*** Titled Tuesday Blitz"]
[Site "Chess.com"]
[Date "2019.12.03"]
[Round "2"]
[White "marcodobrikov"]
[Black "CaptainCasanova"]
[Result "1-0"]
[WhiteElo "2355"]
[BlackElo "2676"]
[TimeControl "180+2"]
[EndTime "13:17:29 PST"]
[Termination "marcodobrikov won by resignation"]

1. e4 c5 2. Nf3 Nc6 3. d4 cxd4 4.
Nxd4 e5 5. Nb5 d6 6. c4 a6 7. N5a3 g6 8. Nc3 Bg7 9. Bd3 Nge7 10. Nc2 O-O 11. O-O Be6 12. Be3 f5 13. exf5 Nxf5 14. Qd2 Rc8 15. Rad1 Ncd4 16. b3 Nxe3 17. Nxe3 Bh6 18.
Be4 b5 19. Bd5 Qd7 20. Qd3 Kh8 21. Bxe6 Qxe6 22. Ncd5 bxc4 23. bxc4 Bg7 24. Qe4 a5 25. Rxd4 Qf7 26. Rd2 Rb8 27. Rb1 Rbc8 28. Rb6 Qa7 29. Rxd6 Qc5 30. Rd7 Qa3 31. h4 Bh6 32. Qxe5+ 1-0

[Event "*** Titled Tuesday Blitz"]
[Site "Chess.com"]
[Date "2019.12.03"]
[Round "2"]
[White "FrenchMonster2002"]
[Black "WorldChampionBulletChess"]
[Result "1-0"]
[WhiteElo "2394"]
[BlackElo "2070"]
[TimeControl "180+2"]
[EndTime "13:17:39 PST"]
[Termination "FrenchMonster2002 won by resignation"]

1. d4 d5 2. Bf4 Nf6 3. e3 Bf5 4. c4 e6 5. Qb3 Qc8 6. Nc3 c6 7. Nf3 Nbd7 8. Rc1 Be7 9. h3 O-O 10.
Be2 dxc4 11. Bxc4 a5 12. a4 Nd5 13. Bxd5 exd5 14. Nxd5 Bg5 15. Bxg5 h6 16. Ne7+ 1-0